 Dungeon Crawl Stone Soup version 0.30-a0-385-gfebfb9b408 (webtiles) character file.

Game seed: 16806352917836922217

72 NinjaNoafa the Ducker (level 4, -5/35 HPs)
             Began as a Merfolk Gladiator on Dec 2, 2022.
             Killed from afar by a white imp (7 damage)
             ... with a puff of frost
             ... summoned by Natasha
             ... on level 2 of the Dungeon.
             The game lasted 00:02:39 (1086 turns).

NinjaNoafa the Ducker (Merfolk Gladiator)           Turns: 1086, Time: 00:02:40

Health: -5/35      AC:  4    Str: 14    XL:     4   Next: 25%
Magic:  4/4        EV: 14    Int:  7    God:
Gold:   93         SH:  0    Dex: 17    Spells: 3/3 levels left

rFire   . . .      SeeInvis .    a - +0 rapier
rCold   . . .      Faith    .    (no shield)
rNeg    . . .      Spirit   .    b - +0 leather armour
rPois   .          Reflect  .    c - +0 helmet
rElec   .          Harm     .    (no cloak)
rCorr   .          Rampage  .    (no gloves)
Will    .....                    (no boots)
Stlth   +.........               (no amulet)
HPRegen 0.25/turn                (no ring)
MPRegen 0.09/turn                (no ring)

@: no status effects
A: (nimble swimmer 2), mertail
a: no special abilities


You were on level 2 of the Dungeon.
You visited 1 branch of the dungeon, and saw 2 of its levels.

You collected 93 gold pieces.

Inventory:

Hand Weapons
 a - a +0 rapier (weapon)
 e - a +0 dagger of venom
Missiles
 d - 3 throwing nets (quivered)
 i - a javelin
 j - 13 stones
Armour
 b - a +0 leather armour (worn)
 c - a +0 helmet (worn)
Scrolls
 g - 2 scrolls of vulnerability {unknown}
 k - 3 scrolls of identify {unknown}
 m - a scroll of teleportation {unknown}
 n - a scroll of enchant armour {unknown}
Potions
 f - 2 potions of heal wounds {unknown}
 h - a potion of ambrosia {unknown}
 l - a potion of flight {unknown}


   Skills:
 + Level 3.2 Fighting
 + Level 4.5 Short Blades
 - Level 2.0 Throwing
 + Level 5.0 Dodging


You had 3 spell levels left.
You didn't know any spells.
Your spell library contained the following spells:

 Spells                   Type           Power      Damage    Failure   Level
 Animate Dead             Necr           0%         N/A       99%         4
 Borgnjor's Vile Clutch   Necr/Erth      0%         N/A       100%        5
 Death Channel            Necr           0%         N/A       100%        6


Dungeon Overview and Level Annotations

Branches:
Dungeon (2/15)

Altars:

Annotations:
D:2 Natasha


Innate Abilities, Weirdness & Mutations

((You are very nimble when in or above water. (Stealth+, EV+, Speed+++)))
Your lower body shifts to a powerful aquatic tail in water.


Message History

You hit Natasha.
Natasha is severely wounded.
Natasha claws you but does no damage.
You puncture Natasha!
You kill Natasha!
Natasha screams in fury as she dies!
Your Dodging skill increases to level 5!
You have reached level 4!
Natasha, Servant of Life and Death comes into view.
Natasha is nearby!
Natasha is nearby!
Natasha is nearby!
Natasha stares at you and mumbles some strange words.
You resist with some effort.
Natasha howls an incantation.
Natasha's front paws start to glow.
Natasha hisses.
Natasha mumbles some strange words.
Natasha claws you.
You miss Natasha. You puncture Natasha!
Natasha is heavily wounded.
Natasha claws you.
You closely miss Natasha.
Natasha is heavily wounded.
The white imp shouts, "Away with thee, thou artless idle-headed brigand!"
The white imp gestures at you. The puff of frost hits you!
Natasha completely misses you.
You hit Natasha but do no damage.
Natasha is heavily wounded.
Natasha claws you.
* * * LOW HITPOINT WARNING * * *
The white imp hits you.
* * * LOW HITPOINT WARNING * * *
The white imp freezes you.
* * * LOW HITPOINT WARNING * * *
The white imp laughs crazily.
The white imp gestures at you. The puff of frost hits you!
You die...

.# # # .####.. #. ?....
#.##... #....# ... #.##
#....... #..# #......
######.##### #.....
##......@...## #.##.#
##............#####.##.##
#.........5h....†.......#
#.............†.........#
###...............††......#
#...................<.....#
..#..............#######.##
. ##............## #.#
##..........## #.#


You could see Natasha and a white imp (summoned).

Vanquished Creatures
  Natasha (D:2)
  4 dart slugs
  7 bats (D:1)
  An endoplasm (D:1)
  A giant cockroach (D:2)
  4 goblins
  4 hobgoblins
  8 jackals (D:1)
  2 kobolds (D:1)
  2 ball pythons (D:1)
  2 frilled lizards
  A rat (D:1)
37 creatures vanquished.

Vanquished Creatures (others)
  A bat (D:2)
1 creature vanquished.

Grand Total: 38 creatures vanquished

Notes
Turn   | Place    | Note
-------+----------+-------------------------------------------
     0 | D:1      | NinjaNoafa the Merfolk Gladiator began the quest for the
                  | Orb.
     0 | D:1      | Reached XP level 1. HP: 16/16 MP: 1/1
   102 | D:1      | Reached XP level 2. HP: 20/23 MP: 2/2
   372 | D:1      | Reached XP level 3. HP: 15/28 MP: 3/3
  1055 | D:2      | Noticed Natasha
  1066 | D:2      | Killed Natasha
  1067 | D:2      | Reached skill level 5 in Dodging
  1067 | D:2      | Reached XP level 4. HP: 27/35 MP: 4/4
  1077 | D:2      | Noticed Natasha
  1086 | D:2      | Killed from afar by a white imp

Illustrated notes

Levels and vault maps discovered:
D:1:      psy_arrival_dodecagon, layout_loops_cross
D:2:      layout_rooms, uniq_natasha

Skill      XL: |  1  2  3 |
---------------+----------+-----
Short Blades   | 4 |  4.5
Fighting       | 3 |  3.2
Dodging        | 5 |  5.0
Throwing       | |  2.0

Action                   |  1- 3 |  4- 6 || total
-------------------------+-------+-------++-------
Melee: Rapier            |    86 |     4 ||    90
       Dagger            |    31 |       ||    31
       Punch             |     1 |       ||     1
Throw: Javelin           |     2 |       ||     2
 Stab: Sleeping          |     1 |       ||     1
Armor: Leather armour    |    26 |       ||    26
Dodge: Dodged            |   103 |     1 ||   104

Table legend: (Time is in decaauts)
 A = Elapsed time spent in this place.
 B = Non-inter-level travel time spent in this place.
 C = Inter-level travel time spent in this place.
 D = Time resting spent in this place.
 E = Time spent auto-exploring this place.
 F = Levels seen in this place.
 G = Mean time per level.
                   A        B        C        D        E       F      G
               +--------+--------+--------+--------+--------+-----+--------+
         Total |   1078 |   1038 |     40 |      0 |    743 |   2 |  539.0 |
       Dungeon |   1078 |   1038 |     40 |      0 |    743 |   2 |  539.0 |
               +--------+--------+--------+--------+--------+-----+--------+

Top non-repeatable levels by time:
     D:1: 929 daAuts
     D:2: 149 daAuts
